 Dungeon Crawl Stone Soup version 0.14-a0-1036-g6cac21b (webtiles) character file.

8493 Deemzul the Covert (level 11, -8/56 (59) HPs)
             Began as an Octopode Venom Mage on Nov 24, 2013.
             Was a Believer of Sif Muna.
             Mangled by a griffon zombie (13 damage)
             ... on Level 10 of the Dungeon.
             The game lasted 00:44:53 (12516 turns).

Deemzul the Covert (Octopode Venom Mage)           Turns: 12516, Time: 00:44:53

HP  -8/56 (59)   AC  1     Str  8      XL: 11   Next: 26%
MP  26/26        EV 12     Int 19      God: Sif Muna [**....]
Gold 369         SH  0     Dex 12      Spells:  5 memorised, 10 levels left

Res.Fire  : . . .   See Invis. : .   g - +3,+9 halberd "Twifycki" {chop, Contam rPois}
Res.Cold  : + . .   Warding    : .   (no shield)
Life Prot.: . . .   Conserve   : .   (helmet restricted)
Res.Poison: +       Res.Corr.  : .   z - amulet of resist mutation {unknown}
Res.Elec. : .       Clarity    : .   w - ring of sustenance
Sust.Abil.: + .     Spirit.Shd : .   d - ring of sustain abilities
Res.Mut.  : +       Stasis     : .   (no ring)
Res.Rott. : .       Flight     : .   (no ring)
Saprovore : . . .                    (no ring)
                                     (no ring)
                                     (no ring)
                                     (no ring)

@: slow, somewhat resistant to hostile enchantments, extremely stealthy
A: almost no armour, amphibious, 8 rings, constrict 8, camouflage 1, cold
resistance 1, deterioration 1, dopey 1, frail 1, slowness 1, gelatinous body 1
a: Channel Energy, Forget Spell, Renounce Religion


You were on level 10 of the Dungeon.
You worshipped Sif Muna.
Sif Muna was pleased with you.
You were not hungry.

You visited 2 branches of the dungeon, and saw 12 of its levels.
You also visited: Ossuary.

You collected 369 gold pieces.

Inventory:

Hand weapons
 g - the +3,+9 halberd "Twifycki" (weapon) {chop, Contam rPois}
   (You found it on level 6 of the Dungeon)

   It inflicts extra damage upon your enemies.
   It protects you from poison.
   It causes magical contamination when unequipped.
 u - a cursed +1,+3 dagger of speed
 E - the +8,+2 sabre of the Saviour {drain, Contam SInv}
   (You found it on level 9 of the Dungeon)

   A truly terrible weapon, it drains the life of those it strikes.
   It enhances your eyesight.
   It causes magical contamination when unequipped.
Magical devices
 x - a wand of lightning (9)
 y - a wand of random effects (11)
Comestibles
 c - 4 bread rations
 p - 6 chunks of hill giant flesh
 r - 2 meat rations
 A - an apple
 C - 13 grapes
Scrolls
 a - 4 scrolls of teleportation
 e - 2 scrolls of enchant armour {unknown}
 h - 2 scrolls of recharging
 k - 2 scrolls of curse jewellery {unknown}
 l - a scroll of magic mapping
 m - 4 scrolls of remove curse
 t - a scroll of fog
 B - 2 scrolls of identify
 D - a scroll of vulnerability {unknown}
Jewellery
 d - a ring of sustain abilities (right tentacle)
 w - a ring of sustenance (left tentacle)
 z - an amulet of resist mutation (around mantle) {unknown}
Potions
 f - 7 potions of brilliance
 i - a potion of restore abilities
 j - 2 potions of flight
 n - 2 potions of heal wounds
 o - 4 potions of curing
 q - a potion of degeneration
 s - a potion of agility
 v - a potion of might
 F - a potion of lignification
Books
 b - a Young Poisoner's Handbook

   Spells                             Type                      Level
   *Sting                             Conjuration/Poison           1
   *Cure Poison                       Poison                       2
   *Mephitic Cloud                    Conjuration/Poison/Air       3
   *Olgreb's Toxic Radiance           Poison                       4
   *Venom Bolt                        Conjuration/Poison           5


   Skills:
 + Level 5.0 Fighting
 - Level 2.0 Dodging
 + Level 12.3 Stealth
 * Level 7.8 Spellcasting
 + Level 9.1 Conjurations
 + Level 0.6 Air Magic
 * Level 11.3 Poison Magic


You had 10 spell levels left.
You knew the following spells:

 Your Spells              Type           Power        Failure   Level  Hunger
a - Sting                 Conj/Pois      ####         1%          1    None
b - Mephitic Cloud        Conj/Pois/Air  ####....     1%          3    #......
c - Cure Poison           Pois           ######....   1%          2    None
d - Olgreb's Toxic Radia  Pois           ######..     1%          4    ###....
e - Venom Bolt            Conj/Pois      #####.....   4%          5    #####..


Dungeon Overview and Level Annotations

Branches:
Dungeon (11/16)            Temple (1/1) D:4             Orc (0/4) D:10
   Lair: D:8-11

Altars:
Ashenzari
Fedhas
Okawaru
Sif Muna
Xom

Shops:
D:5 *   D:9 [

Annotations:
D:4 Menkaure; coier's ghost, average GrFi
D:9 Gastronok


Innate Abilities, Weirdness & Mutations

You cannot wear most types of armour.
You are amphibious.
You can wear up to eight rings at the same time.
You can use your tentacles to constrict many enemies at once.
Your skin changes colour to match your surroundings (Stlth).
Your rubbery body absorbs attacks (AC +1).
Your flesh is cold resistant.
Your body is slowly deteriorating.
You are dopey. (Int -2)
You are frail (-10% HP).
You cover ground slowly.


Message History

Your Fighting skill increases to level 5!
You slash the griffon zombie! The griffon zombie bites you!
The griffon zombie pecks you. The griffon zombie claws you.
You slash the griffon zombie! The griffon zombie barely misses you.
The griffon zombie pecks you! The griffon zombie claws you.
You puncture the griffon zombie! The griffon zombie bites you!
The griffon zombie closely misses you. The griffon zombie claws you.
* * * LOW HITPOINT WARNING * * *
You hit the griffon zombie. The griffon zombie bites you!
* * * LOW HITPOINT WARNING * * *
The griffon zombie misses you. The griffon zombie closely misses you.
Read which item? (? for menu, Esc to quit)
Okay, then.
Unknown command.
Press: ? - help, v - describe, . - travel
Here: a griffon zombie The floor.
There is an open door here.
The griffon zombie bites you!
You die...

............'.###.###
............### #.#
>...........# #.#
.....######## #.#
.....# #.# .....# #.#
.....# ##.# .....#
#..# .....# #@##
.....# ###Z######
###### #........#
#........# #........#
+........# +........#
#........# #........#


You could see a griffon zombie.

Vanquished Creatures
  A hill giant (D:11)
  A two-headed ogre (D:9)
  5 ugly things (D:10)
  A trapdoor spider (D:10)
  A shark (D:10)
  5 yaks (D:9)
  A hippogriff (D:10)
  Eustachio (D:8)
  A necrophage (D:10)
  A manticore (D:11)
  A soldier ant (D:8)
  5 orc warriors
  2 giant goldfish (D:10)
  2 ice beasts
  2 phantoms
  8 ogres
  A crocodile (D:8)
  Duvessa (D:6)
  3 elf zombies (Ossuary)
  2 water moccasins
  Blork the orc (D:8)
  3 giant frogs
  A gnoll sergeant (D:7)
  A wyvern zombie (D:9)
  A troll zombie (D:9)
  2 jellyfish (D:10)
  4 wights
  3 hounds
  Dowan (D:6)
  4 crimson imps
  An electric eel (D:10)
  2 giant frog skeletons
  A centaur zombie (D:10)
  3 iguanas
  Crazy Yiuf (D:6)
  A human zombie (Ossuary)
  5 jellies
  6 orc priests
  6 worker ants
  A big fish (D:10)
  2 quasits
  12 orc wizards
  4 scorpions
  5 big kobold zombies (Ossuary)
  Ijyb (D:2)
  Jessica (D:2)
  2 ogre zombies
  3 mummies (Ossuary)
  A hound skeleton (D:9)
  A worker ant zombie (D:6)
  9 adders
  9 gnolls
  3 green rats (D:8)
  2 giant mites
  6 worms
  A scorpion zombie (D:8)
  4 adder zombies (Ossuary)
  An adder skeleton (D:8)
  An ooze (D:3)
  A giant eyeball (D:9)
  7 giant geckos
  24 orcs
  A ball python (D:1)
  21 bats
  A bat zombie (D:8)
  6 giant cockroaches
  21 hobgoblins
  5 jackals
  15 kobolds
  3 quokkas
  5 giant newts
  A gnoll zombie (Ossuary)
  11 goblins
  5 goblin zombies
  A hobgoblin zombie (Ossuary)
  4 jackal zombies (Ossuary)
  A kobold zombie (Ossuary)
  An orc skeleton (D:4)
  An orc zombie (Ossuary)
  7 quokka zombies
  22 rats
  A rat skeleton (D:4)
  3 rat zombies (Ossuary)
329 creatures vanquished.

Notes
Turn   | Place    | Note
--------------------------------------------------------------
     0 | D:1      | Deemzul, the Octopode Venom Mage, began the quest for the Orb.
     0 | D:1      | Reached XP level 1. HP: 11/11 MP: 3/3
   164 | D:1      | Reached skill level 1 in Conjurations
   164 | D:1      | Reached XP level 2. HP: 4/17 MP: 2/4
   375 | D:1      | Reached skill level 5 in Poison Magic
   803 | D:1      | Reached XP level 3. HP: 21/21 MP: 2/5
  1080 | D:2      | Noticed Ijyb
  1091 | D:2      | Killed Ijyb
  1119 | D:2      | Reached XP level 4. HP: 14/27 MP: 0/7
  1136 | D:2      | Learned a level 3 spell: Mephitic Cloud
  1335 | D:2      | Noticed Jessica
  1341 | D:2      | Killed Jessica
  1998 | D:3      | Reached XP level 5. HP: 27/31 MP: 5/9
  2894 | D:4      | Noticed an ogre
  2909 | D:4      | Killed an ogre
  2909 | D:4      | Reached skill level 5 in Stealth
  2909 | D:4      | Reached skill level 6 in Poison Magic
  2909 | D:4      | Reached XP level 6. HP: 29/36 MP: 0/11
  3015 | D:4      | Noticed coier's ghost (average GrFi)
  3158 | D:4      | Noticed an ogre
  3227 | D:4      | Killed an ogre
  3422 | D:4      | Noticed Menkaure
  3429 | D:5      | Entered Level 5 of the Dungeon
  3497 | D:5      | Learned a level 2 spell: Cure Poison
  3502 | D:5      | Learned a level 4 spell: Olgreb's Toxic Radiance
  3504 | D:5      | Reached skill level 10 in Stealth
  3504 | D:5      | Reached XP level 7. HP: 41/41 MP: 10/18
  3538 | D:4      | Found a shimmering altar of Xom.
  3541 | D:4      | Found a shimmering altar of Xom.
  3541 | D:4      | Found a shimmering altar of Xom.
  3710 | D:3      | Reached XP level 8. HP: 22/46 MP: 8/20
  3977 | D:4      | Gained mutation: Your flesh is cold resistant. [potion of mutation]
  3977 | D:4      | Gained mutation: Your system is resistant to poisons. [potion of mutation]
  3977 | D:4      | Gained mutation: You possess an exceptional clarity of mind. [potion of mutation]
  4144 | D:4      | Learned a level 5 spell: Venom Bolt
  4302 | D:4      | Found a staircase to the Ecumenical Temple.
  4311 | Temple   | Entered the Ecumenical Temple
  4339 | Temple   | Became a worshipper of Sif Muna the Loreminder
  4579 | D:5      | Found Klokep's Assorted Antiques.
  4726 | D:6      | Noticed Duvessa
  4728 | D:6      | Reached skill level 1 in Fighting
  4748 | D:6      | Killed Duvessa
  4859 | D:6      | Noticed Dowan
  4867 | D:6      | Killed Dowan
  5056 | D:6      | Got a pitted halberd
  5058 | D:6      | Identified the +3,+9 halberd "Twifycki" {chop, Contam rPois} (You found it on level 6 of the Dungeon)
  5058 | D:6      | Identified the +3,+9 halberd "Twifycki" {chop, Contam rPois} (You found it on level 6 of the Dungeon)
  5081 | D:6      | Reached skill level 10 in Poison Magic
  5145 | D:6      | Noticed Crazy Yiuf
  5153 | D:6      | Killed Crazy Yiuf
  5292 | D:7      | Found a blossoming altar of Fedhas.
  5393 | D:7      | Reached XP level 9. HP: 45/52 MP: 22/22
  5652 | D:7      | Found a sand-covered staircase.
  5665 | Ossuary  | Entered an ossuary
  6725 | Ossuary  | Acquired Sif Muna's first power
  6742 | Ossuary  | Lost mutation: Your system is resistant to poisons. [potion of cure mutation]
  6742 | Ossuary  | Lost mutation: Your flesh is cold resistant. [potion of cure mutation]
  6742 | Ossuary  | Lost mutation: You possess an exceptional clarity of mind. [potion of cure mutation]
  6743 | Ossuary  | Gained mutation: You are frail (-10% HP). [potion of mutation]
  6743 | Ossuary  | Gained mutation: Your flesh is cold resistant. [potion of mutation]
  6743 | Ossuary  | Gained mutation: You are dopey. (Int -2) [potion of mutation]
  6936 | D:7      | Found a shattered altar of Ashenzari.
  7065 | D:7      | Reached skill level 11 in Stealth
  7550 | D:8      | Noticed Blork the orc
  7776 | D:8      | Noticed Eustachio
  7783 | D:8      | Killed Eustachio
  8274 | D:8      | Reached XP level 10. HP: 45/53 MP: 14/24
  9200 | D:8      | Acquired Sif Muna's second power
  9407 | D:8      | Killed Blork the orc
  9962 | D:9      | Found Urhin's Antique Armour Shop.
 10466 | D:9      | Got a jewelled sabre
 10716 | D:9      | Noticed Gastronok
 10720 | D:10     | Entered Level 10 of the Dungeon
 10726 | D:10     | Identified the +8,+2 sabre of the Saviour {drain, Contam SInv} (You found it on level 9 of the Dungeon)
 10726 | D:10     | Identified the +8,+2 sabre of the Saviour {drain, Contam SInv} (You found it on level 9 of the Dungeon)
 10760 | D:10     | Gained mutation: You cover ground slowly. [mutagenic glow]
 10779 | D:10     | Gained mutation: Your body is slowly deteriorating. [mutagenic glow]
 11236 | D:10     | Found a staircase to the Orcish Mines.
 11289 | D:10     | Reached skill level 12 in Stealth
 11308 | D:10     | Reached XP level 11. HP: 42/59 MP: 7/25
 12288 | D:11     | Noticed a hill giant
 12357 | D:11     | Killed a hill giant
 12505 | D:10     | Reached skill level 5 in Fighting
 12516 | D:10     | Mangled by a griffon zombie

Action                   |  1- 3 |  4- 6 |  7- 9 | 10-12 || total
-------------------------+-------+-------+-------+-------++-------
Melee: Unarmed           |    31 |    46 |       |       ||    77
       Dagger            |       |    20 |    75 |       ||    95
       Halberd           |       |       |   203 |   201 ||   404
 Cast: Sting             |    50 |    92 |   117 |   101 ||   360
       Mephitic Cloud    |       |     2 |    23 |    30 ||    55
       Olgreb's Toxic Ra |       |       |     2 |       ||     2
       Venom Bolt        |       |       |       |    11 ||    11
Evoke: Wand              |       |       |       |     1 ||     1
  Use: Scroll            |       |     4 |    15 |     4 ||    23
       Potion            |       |     1 |     7 |     2 ||    10
 Stab: Sleeping          |       |     1 |    31 |     7 ||    39
       Confused          |       |       |     5 |    13 ||    18
       Distracted        |       |       |     1 |     3 ||     4
